[Event "ICC tourney 2556 (25 5)"]
[Site "Internet Chess Club"]
[Date "2021.05.08"]
[Round "1"]
[White "MICHAEL KAGAN, BENYAMIN:K05-30083267"]
[Black "DEVARAJ, SIRI:K05-16369654"]
[Result "0-1"]
[ICCResult "White checkmated"]
[WhiteElo "301"]
[BlackElo "1077"]
[Opening "English: Carls' Bremen system"]
[ECO "A22"]
[NIC "EO.10"]
[Time "11:32:10"]
[PlyCount "80"]
[TimeControl "1500+5"]

1. c4 e5 2. Nc3 Nf6 3. g3 Bc5 4. Bg2 d6 5. Nh3 O-O 6. O-O Nc6 7. b3 Be6 8.
Bb2 Qd7 9. d3 Bxh3 10. Bxc6 Qxc6 11. e4 Qd7 12. Re1 Bg4 13. Qc1 Bf3 14. Re3
Bxe3 15. Qxe3 Bg4 16. f3 Bh3 17. g4 h5 18. gxh5 Nxh5 19. Kf2 c6 20. b4 Nf4
21. b5 Ng2 22. Qe2 Nf4 23. Qe3 Rfe8 24. bxc6 bxc6 25. Ke1 Ng2+ 26. Kd2 Nxe3
27. Kxe3 Rab8 28. Ba3 Re6 29. c5 dxc5 30. Bxc5 Rg6 31. d4 exd4+ 32. Bxd4 a6
33. f4 Rd6 34. Ne2 Rb4 35. Bc5 Rd3+ 36. Kf2 Rxe4 37. Ng3 Rxf4+ 38. Ke2 Bg4+
39. Ke1 Rd1+ 40. Rxd1 Qxd1# { White checkmated } 0-1

[Event "ICC tourney 2556 (25 5)"]
[Site "Internet Chess Club"]
[Date "2021.05.08"]
[Round "1"]
[White "BEARD, THEO:K05-16437551"]
[Black "SENTHIL, ADITYA:K05-16653164"]
[Result "0-1"]
[ICCResult "White checkmated"]
[WhiteElo "521"]
[BlackElo "1237"]
[Opening "Benko's opening"]
[ECO "A00"]
[NIC "VO.09"]
[Time "11:32:53"]
[PlyCount "130"]
[TimeControl "1500+5"]

1. g3 e5 2. Bg2 Nf6 3. d3 d5 4. Nf3 Nc6 5. O-O Bd6 6. Bg5 Be7 7. Bxf6 Bxf6
8. h3 O-O 9. e3 Be6 10. Nc3 Re8 11. a3 Qd7 12. Qd2 Rad8 13. e4 dxe4 14.
Nxe4 Be7 15. Qe3 Bxh3 16. Bxh3 Qxh3 17. Nfg5 Qh6 18. Rfe1 Bxg5 19. Nxg5 f6
20. Ne4 Qxe3 21. Rxe3 Nd4 22. Rc1 h6 23. c3 Nb3 24. Rb1 f5 25. Nc5 Nxc5 26.
b4 Nxd3 27. Rd1 f4 28. Rexd3 Rxd3 29. Rxd3 fxg3 30. Rxg3 e4 31. a4 g5 32.
Re3 Kg7 33. c4 Kf6 34. b5 Kf5 35. c5 Re5 36. c6 bxc6 37. bxc6 Rc5 38. f3
exf3 39. Rxf3+ Kg6 40. Rb3 Rxc6 41. Rb7 a6 42. Ra7 h5 43. Rb7 h4 44. Kg2 g4
45. Rb3 Kf5 46. Kf2 Rc4 47. a5 Rc5 48. Rb4 Rxa5 49. Ke3 Rd5 50. Rf4+ Kg5
51. Ke4 Rd4+ 52. Kxd4 Kxf4 53. Kc5 h3 54. Kc6 h2 55. Kxc7 h1=Q 56. Kb6 Qh6+
57. Ka5 Qc6 58. Kb4 Qd5 59. Kc3 Qe4 60. Kb3 Qd4 61. Ka3 Qb6 62. Ka2 Ke4 63.
Ka3 Kd4 64. Ka4 Kc4 65. Ka3 Qb3# { White checkmated } 0-1

[Event "ICC tourney 2556 (25 5)"]
[Site "Internet Chess Club"]
[Date "2021.05.08"]
[Round "1"]
[White "HU, ANDREW:K05-30094774"]
[Black "VARADA JAKKAMREDDY, ARJUN:K05-17229191"]
[Result "1-0"]
[ICCResult "Black checkmated"]
[WhiteElo "1135"]
[BlackElo "415"]
[Opening "Alekhine's defense"]
[ECO "B02"]
[NIC "AL.10"]
[Time "11:30:47"]
[PlyCount "101"]
[TimeControl "1500+5"]

1. e4 Nf6 2. e5 Nd5 3. c4 Nf4 4. d4 Ne6 5. b4 d5 6. cxd5 Qxd5 7. Nc3 Qd8 8.
d5 c6 9. dxe6 Qxd1+ 10. Nxd1 Bxe6 11. Nf3 Bg4 12. Be2 e6 13. h3 Bxf3 14.
Bxf3 Bxb4+ 15. Bd2 Bxd2+ 16. Kxd2 O-O 17. Ne3 Nd7 18. Rab1 b5 19. Ke2 Nxe5
20. Be4 Rac8 21. f4 Nd7 22. Rbc1 Nb8 23. g4 g6 24. f5 exf5 25. gxf5 gxf5
26. Nxf5 Rfe8 27. Kf3 a6 28. Nd6 Rf8 29. Nxc8 Rxc8 30. Rc2 Kg7 31. Rhc1 c5
32. Rxc5 Rxc5 33. Rxc5 Nd7 34. Rc7 Nf6 35. Ra7 h5 36. Rxa6 b4 37. Rb6 Nxe4
38. Kxe4 f6 39. Rxb4 Kg6 40. Rb5 h4 41. a4 f5+ 42. Rxf5 Kh6 43. a5 Kg6 44.
a6 Kh7 45. a7 Kg6 46. a8=Q Kg7 47. Qf8+ Kh7 48. Rh5+ Kg6 49. Qf5+ Kg7 50.
Rh7+ Kg8 51. Qf7# { Black checkmated } 1-0

[Event "ICC tourney 2556 (25 5)"]
[Site "Internet Chess Club"]
[Date "2021.05.08"]
[Round "1"]
[White "QUINONES, MADELYN:K05-16268810"]
[Black "MOORHOUSE, WILL:K05-30059498"]
[Result "0-1"]
[ICCResult "White checkmated"]
[WhiteElo "600"]
[BlackElo "1352"]
[Opening "Sicilian"]
[ECO "B53"]
[NIC "SI.01"]
[Time "11:32:05"]
[PlyCount "48"]
[TimeControl "1500+5"]

1. e4 c5 2. Nf3 d6 3. d4 cxd4 4. Bb5+ Bd7 5. Nxd4 Nf6 6. f4 Nxe4 7. O-O
Bxb5 8. Nxb5 Nc6 9. N1c3 Qb6+ 10. Qd4 Nxd4 11. Be3 Ne2+ 12. Kh1 Qxe3 13.
Nc7+ Kd8 14. Nxa8 Nf2+ 15. Rxf2 Qxf2 16. Ne4 Qxf4 17. Nc3 Nxc3 18. bxc3 Kc8
19. Nb6+ axb6 20. a4 h5 21. a5 Rh6 22. a6 Rf6 23. a7 Qf1+ 24. Rxf1 Rxf1# {
White checkmated } 0-1

[Event "ICC tourney 2556 (25 5)"]
[Site "Internet Chess Club"]
[Date "2021.05.08"]
[Round "1"]
[White "WISHWAS, SUKRIT:K05-16469652"]
[Black "J WILLIAMS, CHRISTOPHER:K05-16250362"]
[Result "0-1"]
[ICCResult "White checkmated"]
[WhiteElo "731"]
[BlackElo "1519"]
[Opening "Sicilian: closed, 2...Nc6"]
[ECO "B23"]
[NIC "SI.44"]
[Time "11:30:43"]
[PlyCount "98"]
[TimeControl "1500+5"]

1. e4 c5 2. Nc3 Nc6 3. Bc4 e6 4. Nf3 Nf6 5. d3 Be7 6. Be3 a6 7. Bb3 b5 8.
a3 Bb7 9. O-O O-O 10. h3 Qc7 11. Qd2 Ne5 12. Nxe5 Qxe5 13. Bf4 Qh5 14. Ne2
d5 15. Ng3 Qg6 16. Bg5 dxe4 17. dxe4 Rad8 18. Qf4 Nh5 19. Nxh5 Bxg5 20. Qg4
c4 21. Ba2 Bxe4 22. Rfe1 Bf5 23. Qf3 Bxc2 24. Bb1 Bxb1 25. Raxb1 Rd3 26.
Qg4 Bd2 27. Re4 f5 28. Rxe6 fxg4 29. Rxg6 hxg6 30. Ng3 gxh3 31. gxh3 Bf4
32. Kg2 Bxg3 33. fxg3 Rff3 34. Re1 Rxg3+ 35. Kf2 Rxh3 36. Re8+ Kh7 37. Re1
Rd2+ 38. Kg1 Rxb2 39. Rf1 c3 40. Rc1 c2 41. Kg2 Rc3 42. Rh1+ Kg8 43. Rc1
Rb1 44. Rxc2 Rxc2+ 45. Kf3 Rb3+ 46. Kf4 Rc4+ 47. Kg5 Rf3 48. Kxg6 Rc5 49.
a4 Rf6# { White checkmated } 0-1

[Event "ICC tourney 2556 (25 5)"]
[Site "Internet Chess Club"]
[Date "2021.05.08"]
[Round "1"]
[White "LIN, JULIAN:K05-15856697"]
[Black "SUNG, JASON:K05-16250294"]
[Result "1-0"]
[ICCResult "Black checkmated"]
[WhiteElo "1648"]
[BlackElo "802"]
[Opening "Giuoco Piano"]
[ECO "C50"]
[NIC "IG.02"]
[Time "11:31:29"]
[PlyCount "55"]
[TimeControl "1500+5"]

1. e4 e5 2. Nf3 Nc6 3. Bc4 Bc5 4. O-O Nf6 5. d3 O-O 6. Bg5 h6 7. Bh4 g5 8.
Bg3 d6 9. c3 Bg4 10. Nbd2 Bxf3 11. Qxf3 g4 12. Qf5 d5 13. exd5 Nxd5 14.
Qxg4+ Kh8 15. Qh5 Kh7 16. Qf5+ Kh8 17. Ne4 Be7 18. Bxe5+ Nxe5 19. Qxe5+ Kg8
20. Bxd5 c6 21. Bb3 Qxd3 22. Qxe7 Rae8 23. Nf6+ Kg7 24. Nxe8+ Rxe8 25.
Qxf7+ Kh8 26. Qxe8+ Kg7 27. Qf7+ Kh8 28. Qg8# { Black checkmated } 1-0

[Event "ICC tourney 2556 (25 5)"]
[Site "Internet Chess Club"]
[Date "2021.05.08"]
[Round "1"]
[White "RAJARAM, ROHAN:K05-15739716"]
[Black "XIE, ANDREW:K05-16610874"]
[Result "1-0"]
[ICCResult "Black checkmated"]
[WhiteElo "1905"]
[BlackElo "834"]
[Opening "QGD Slav defense: exchange variation"]
[ECO "D10"]
[NIC "SL.01"]
[Time "11:30:24"]
[PlyCount "63"]
[TimeControl "1500+5"]

1. d4 d5 2. c4 c6 3. cxd5 cxd5 4. Nc3 Nc6 5. Nf3 Bf5 6. Qb3 Rb8 7. Bf4 Na5
8. Qb5+ Bd7 9. Qxd5 Nf6 10. Qg5 h6 11. Qh4 Rc8 12. e3 Bg4 13. Ne5 Bf5 14.
Bb5+ Bd7 15. Nxd7 Nxd7 16. O-O a6 17. Ba4 b5 18. Bb3 Nf6 19. Be5 e6 20.
Rfd1 Nxb3 21. axb3 Be7 22. Rxa6 Nd7 23. Qh3 Rxc3 24. bxc3 Nxe5 25. Qh5 Bg5
26. dxe5 Qc8 27. Ra7 O-O 28. h4 Bd8 29. Rdd7 Qxc3 30. Rxf7 Qc5 31. Rxg7+
Kh8 32. Qxh6# { Black checkmated } 1-0

[Event "ICC tourney 2556 (25 5)"]
[Site "Internet Chess Club"]
[Date "2021.05.08"]
[Round "1"]
[White "HU, ANGELA:K05-16747812"]
[Black "MISHRA, KARTIKAYE:K05-17074673"]
[Result "1-0"]
[ICCResult "Black checkmated"]
[WhiteElo "1237"]
[BlackElo "521"]
[Opening "Philidor's defense"]
[ECO "C41"]
[NIC "KP.08"]
[Time "11:30:32"]
[PlyCount "65"]
[TimeControl "1500+5"]

1. e4 e5 2. Nf3 d6 3. d4 g6 4. dxe5 dxe5 5. Qxd8+ Kxd8 6. Nxe5 Be6 7. Nc3
f6 8. Nf3 f5 9. Bg5+ Be7 10. exf5 gxf5 11. O-O-O+ Kc8 12. Bb5 c6 13. Rhe1
Bd7 14. Bxe7 Nxe7 15. Rxe7 cxb5 16. Ne5 Rd8 17. Rd5 Bc6 18. Nxc6 bxc6 19.
Rxd8+ Kxd8 20. Rxh7 Na6 21. Rh8+ Kc7 22. Rxa8 Nb8 23. Rxb8 Kxb8 24. h4 f4
25. h5 Kc8 26. h6 Kd8 27. h7 Ke8 28. h8=Q+ Kf7 29. Ne4 c5 30. Qf6+ Kg8 31.
Ng5 c4 32. Qf7+ Kh8 33. Qh7# { Black checkmated } 1-0

[Event "ICC tourney 2556 (25 5)"]
[Site "Internet Chess Club"]
[Date "2021.05.08"]
[Round "1"]
[White "KIRILOV SAKALIYSKI, CHRISTOPHER:K05-16115040"]
[Black "RAGHAV JEGAN, ASHWIN:K05-16548454"]
[Result "1-0"]
[ICCResult "Black checkmated"]
[WhiteElo "1446"]
[BlackElo "668"]
[Opening "English: symmetrical variation"]
[ECO "A30"]
[NIC "EO.64"]
[Time "11:31:26"]
[PlyCount "121"]
[TimeControl "1500+5"]

1. c4 c5 2. g3 Nc6 3. Bg2 e5 4. Nc3 Nf6 5. e4 Be7 6. d3 O-O 7. Nge2 d6 8.
O-O h6 9. h3 Bd7 10. Be3 Qc8 11. Kh2 a6 12. f4 Nd4 13. f5 Nxe2 14. Qxe2 Nh7
15. h4 Qd8 16. Nd5 Bf6 17. Rh1 Bc6 18. Kg1 Bxd5 19. cxd5 Rc8 20. Qf2 Rc7
21. g4 Qc8 22. Qg3 Be7 23. g5 h5 24. Bf3 g6 25. Rf1 c4 26. d4 c3 27. bxc3
Rxc3 28. Bd2 Rd3 29. f6 Bxf6 30. gxf6 Rxd2 31. Bxh5 Qc2 32. Bxg6 Rg2+ 33.
Qxg2 Qxg2+ 34. Kxg2 fxg6 35. dxe5 dxe5 36. h5 Nxf6 37. hxg6 Kg7 38. Rf5
Kxg6 39. Rxe5 Rg8 40. Kf3 Rf8 41. Rf5 Nxe4 42. Kxe4 Rxf5 43. Rg1+ Kf6 44.
d6 Ke6 45. Rg6+ Rf6 46. d7 Rxg6 47. d8=Q Rg4+ 48. Kf3 Ra4 49. Qe8+ Kd6 50.
Qxa4 Kd5 51. Qb3+ Kd4 52. Qxb7 Kc3 53. Qxa6 Kb2 54. Qe2+ Kc3 55. Qd1 Kc4
56. Qd2 Kc5 57. a4 Kb6 58. a5+ Ka6 59. Qd5 Ka7 60. Qc5+ Ka6 61. Qb6# {
Black checkmated } 1-0

[Event "ICC tourney 2556 (25 5)"]
[Site "Internet Chess Club"]
[Date "2021.05.08"]
[Round "1"]
[White "SANDY, ADRIAN:K05-16647505"]
[Black "S MORGAN, LAKSHMI:K05-16867525"]
[Result "0-1"]
[ICCResult "White checkmated"]
[WhiteElo "384"]
[BlackElo "1108"]
[Opening "Four knights: Italian variation"]
[ECO "C47"]
[NIC "KP.06"]
[Time "11:32:15"]
[PlyCount "96"]
[TimeControl "1500+5"]

1. e4 e5 2. Nf3 Nc6 3. Nc3 Nf6 4. Bc4 Nxe4 5. Nxe4 d5 6. Bd3 dxe4 7. Bxe4
Bd6 8. d3 Ne7 9. Be3 f5 10. Bg5 fxe4 11. Bxe7 Qxe7 12. dxe4 O-O 13. O-O Bg4
14. Qd5+ Kh8 15. Qxb7 Bxf3 16. gxf3 Qg5+ 17. Kh1 Qf4 18. Qb3 Rab8 19. Qc3
Qxf3+ 20. Qxf3 Rxf3 21. b3 Rbf8 22. Kg2 Bc5 23. Rad1 Rxf2+ 24. Rxf2 Rxf2+
25. Kg3 h6 26. Rd5 Rxc2 27. Rxe5 Bd6 28. Kf4 Bxe5+ 29. Kxe5 Rxh2 30. Ke6
Re2 31. Kd5 Rxa2 32. e5 Rd2+ 33. Ke6 Re2 34. Kd5 Kg8 35. e6 Kf8 36. Kc6
Rxe6+ 37. Kxc7 h5 38. Kb7 Re7+ 39. Ka6 h4 40. b4 h3 41. b5 h2 42. b6 axb6
43. Kxb6 h1=Q 44. Kb5 Qh5+ 45. Kb4 Re4+ 46. Kb3 Qh3+ 47. Kc2 Re2+ 48. Kd1
Qf1# { White checkmated } 0-1

[Event "ICC tourney 2556 (25 5)"]
[Site "Internet Chess Club"]
[Date "2021.05.08"]
[Round "1"]
[White "KISHOR MANE, ARNAV:K05-16881843"]
[Black "ZHIHAO JIAO, ETHAN:K05-17273262"]
[Result "1-0"]
[ICCResult "Black checkmated"]
[WhiteElo "1316"]
[BlackElo "581"]
[Opening "Scotch game"]
[ECO "C45"]
[NIC "SO.04"]
[Time "11:30:21"]
[PlyCount "91"]
[TimeControl "1500+5"]

1. e4 e5 2. Nf3 Nc6 3. d4 exd4 4. Nxd4 Nxd4 5. Qxd4 d6 6. Nc3 c5 7. Qd3 Be7
8. Be3 Nf6 9. f3 a6 10. Be2 b5 11. O-O Nd7 12. Nd5 c4 13. Qd2 Nf6 14. Bb6
Qd7 15. Nc7+ Kf8 16. Nxa8 Bb7 17. Nc7 Qc6 18. Ba5 Qc5+ 19. Kh1 Bxe4 20.
fxe4 Nxe4 21. Ne6+ Ke8 22. Nxc5 Nxd2 23. Rfd1 dxc5 24. Rxd2 Bg5 25. Rd5 Be3
26. Rad1 Bd4 27. Re5+ Kf8 28. c3 f6 29. Rd5 Kf7 30. cxd4 Re8 31. Re1 b4 32.
Bh5+ g6 33. Rxe8 Kxe8 34. Rxc5 gxh5 35. Rxh5 c3 36. bxc3 bxc3 37. Bxc3 f5
38. Rxh7 Kf8 39. d5 a5 40. d6 Ke8 41. d7+ Kd8 42. Bf6+ Kc7 43. d8=Q+ Kc6
44. Rc7+ Kb6 45. Qb8+ Ka6 46. Ra7# { Black checkmated } 1-0

[Event "ICC tourney 2556 (25 5)"]
[Site "Internet Chess Club"]
[Date "2021.05.08"]
[Round "1"]
[White "ROEDERER, JUDSON:K05-15626320"]
[Black "SUNDEEP, SASHA:K05-17150715"]
[Result "1-0"]
[ICCResult "Black checkmated"]
[WhiteElo "1212"]
[BlackElo "481"]
[Opening "Scotch: Schmidt variation"]
[ECO "C45"]
[NIC "SO.04"]
[Time "11:31:32"]
[PlyCount "53"]
[TimeControl "1500+5"]

1. e4 e5 2. Nf3 Nc6 3. d4 exd4 4. Nxd4 Nf6 5. Nxc6 bxc6 6. Bd3 Bd6 7. Bg5
O-O 8. O-O h6 9. Bh4 c5 10. Re1 Qe7 11. Qe2 Be5 12. c3 a5 13. Nd2 d6 14.
Nf3 Bg4 15. h3 Bxf3 16. Qxf3 Rab8 17. Rab1 a4 18. Bg3 Bxg3 19. Qxg3 Rb6 20.
e5 dxe5 21. Rxe5 Re6 22. Rxe6 Qxe6 23. Qxc7 Rc8 24. Qf4 Qxa2 25. Qf5 c4 26.
Qxc8+ Ne8 27. Qxe8# { Black checkmated } 1-0

[Event "ICC tourney 2556 (25 5)"]
[Site "Internet Chess Club"]
[Date "2021.05.08"]
[Round "1"]
[White "MURUGAN AYYAPPAN, ADHIRAIYAN:K05-16024678"]
[Black "RAMANUJA, KESHAV:K05-30040275"]
[Result "1-0"]
[ICCResult "Black checkmated"]
[WhiteElo "1378"]
[BlackElo "615"]
[Opening "Queen's pawn, Mason variation"]
[ECO "D00"]
[NIC "QP.08"]
[Time "11:32:33"]
[PlyCount "69"]
[TimeControl "1500+5"]

1. d4 d5 2. Bf4 Nf6 3. e3 Bf5 4. Nf3 Nc6 5. Bd3 Bg6 6. Nbd2 e6 7. Qe2 Be7
8. h3 Qd7 9. a3 h6 10. Bxg6 fxg6 11. c4 a6 12. cxd5 Qxd5 13. Qc4 Qxc4 14.
Nxc4 O-O 15. Nce5 Nxe5 16. Nxe5 Kh7 17. Rc1 Bd6 18. Nd3 Nd5 19. Bxd6 cxd6
20. O-O Rac8 21. e4 Nb6 22. e5 d5 23. Nc5 Rfe8 24. Nxb7 Rxc1 25. Rxc1 Nc4
26. Rc2 Rb8 27. Nc5 Re8 28. Nxa6 g5 29. Nc5 Kg6 30. a4 Kf5 31. b3 Na5 32.
g4+ Kf4 33. Kg2 g6 34. Rc3 h5 35. Rf3# { Black checkmated } 1-0

[Event "ICC tourney 2556 (25 5)"]
[Site "Internet Chess Club"]
[Date "2021.05.08"]
[Round "1"]
[White "ROBERT WICKS, COLIN:K05-16090713"]
[Black "YIN, HAOXUAN:K05-16009384"]
[Result "1-0"]
[ICCResult "Black checkmated"]
[WhiteElo "1624"]
[BlackElo "790"]
[Opening "French: advance, Paulsen attack"]
[ECO "C02"]
[NIC "FR.03"]
[Time "11:30:25"]
[PlyCount "127"]
[TimeControl "1500+5"]

1. e4 e6 2. d4 d5 3. e5 c5 4. c3 Nc6 5. Nf3 Be7 6. Bb5 a6 7. Bxc6+ bxc6 8.
Nbd2 Nh6 9. O-O Nf5 10. Nb3 cxd4 11. Nbxd4 Nxd4 12. cxd4 O-O 13. Be3 a5 14.
Qc2 Ba6 15. Rfe1 h6 16. Qxc6 Qc8 17. Qxc8 Rfxc8 18. Rac1 Rab8 19. Rxc8+
Rxc8 20. Rc1 Rxc1+ 21. Bxc1 Kf8 22. g3 Ke8 23. Kg2 f5 24. Nd2 g5 25. f4 g4
26. a3 Kd7 27. Nb3 a4 28. Na1 Bd3 29. b4 axb3 30. Nxb3 Bc4 31. Nd2 Kc7 32.
Nxc4 dxc4 33. Kf2 Kc6 34. Ke3 Kb5 35. Kd2 h5 36. Kc3 h4 37. Bb2 hxg3 38.
hxg3 Bd8 39. Kc2 Ba5 40. Bc3 Bb6 41. Bb2 Kc6 42. Kd2 Kd5 43. Ke3 Ba5 44. a4
c3 45. Bc1 Kc4 46. Ke2 Kb3 47. Kd3 Kxa4 48. d5 exd5 49. Kd4 Bb4 50. Kxd5
Kb3 51. Be3 c2 52. e6 Kb2 53. Ke5 c1=Q 54. Bxc1+ Kxc1 55. Kxf5 Kc2 56. Kxg4
Kd3 57. f5 Ke4 58. f6 Ke5 59. e7 Kxf6 60. e8=Q Kg7 61. Qd7+ Kf8 62. Kf5 Kg8
63. Kf6 Kf8 64. Qf7# { Black checkmated } 1-0

[Event "ICC tourney 2556 (25 5)"]
[Site "Internet Chess Club"]
[Date "2021.05.08"]
[Round "1"]
[White "BRACK KARSTEN, ROWAN:K05-16593891"]
[Black "KANNAN, VIJAY:K05-16132744"]
[Result "0-1"]
[ICCResult "White resigns"]
[WhiteElo "786"]
[BlackElo "1618"]
[Opening "Sicilian: Grand Prix attack"]
[ECO "B21"]
[NIC "SI.48"]
[Time "11:32:32"]
[PlyCount "80"]
[TimeControl "1500+5"]

1. e4 c5 2. f4 e6 3. Nf3 Nc6 4. Nc3 Be7 5. d4 cxd4 6. Nxd4 Nf6 7. Bb5 O-O
8. e5 Ne8 9. Bxc6 bxc6 10. f5 exf5 11. Nxf5 d5 12. Nxe7+ Qxe7 13. Qe2 f6
14. exf6 Qxe2+ 15. Nxe2 Nxf6 16. O-O Ba6 17. Re1 Rae8 18. Bg5 Bxe2 19. Bxf6
Rxf6 20. Rad1 Rfe6 21. Rd2 Bh5 22. Rf1 Re1 23. Rxe1 Rxe1+ 24. Kf2 Rd1 25.
Rxd1 Bxd1 26. c3 Bh5 27. Ke3 Kf7 28. Kd4 Ke6 29. h3 Kd6 30. g4 Bg6 31. c4
dxc4 32. Kxc4 Bf7+ 33. Kb4 Bxa2 34. Kc3 Bd5 35. Kd4 Bg2 36. h4 Bf3 37. g5
g6 38. b4 Be2 39. Kc3 Ke5 40. h5 Bxh5 { White resigns } 0-1

[Event "ICC tourney 2556 (25 5)"]
[Site "Internet Chess Club"]
[Date "2021.05.08"]
[Round "1"]
[White "JAVERI, RIAAN:K05-16378238"]
[Black "NIMMAGADDA, SIDDHARTH:K05-16320710"]
[Result "1-0"]
[ICCResult "Black checkmated"]
[WhiteElo "1417"]
[BlackElo "644"]
[Opening "Vienna gambit"]
[ECO "C29"]
[NIC "VG.04"]
[Time "11:30:54"]
[PlyCount "59"]
[TimeControl "1500+5"]

1. e4 e5 2. Nc3 Nf6 3. f4 d6 4. Nf3 Nc6 5. Bb5 Bd7 6. Bxc6 Bxc6 7. d3 g6 8.
fxe5 dxe5 9. Nxe5 Bd6 10. Nxc6 bxc6 11. O-O O-O 12. Bg5 Bc5+ 13. Kh1 Bd4
14. Qf3 Kg7 15. Rae1 Re8 16. Ne2 Bxb2 17. c3 Re6 18. Nd4 Bxc3 19. Nxe6+
fxe6 20. e5 Bxe1 21. exf6+ Kf7 22. Rxe1 Qd6 23. Qh3 h5 24. Bf4 Qd7 25. Bg5
a5 26. Qe3 Rb8 27. Bh4 Rb4 28. Qh6 Rxh4 29. Qh7+ Ke8 30. Qg8# { Black
checkmated } 1-0

[Event "ICC tourney 2556 (25 5)"]
[Site "Internet Chess Club"]
[Date "2021.05.08"]
[Round "1"]
[White "GOTETI, ISHAN:K05-17016988"]
[Black "REMPE, LENNIK:K05-15868931"]
[Result "0-1"]
[ICCResult "White checkmated"]
[WhiteElo "516"]
[BlackElo "1235"]
[Opening "Four knights game"]
[ECO "C47"]
[NIC "KP.06"]
[Time "11:32:42"]
[PlyCount "70"]
[TimeControl "1500+5"]

1. e4 e5 2. Nf3 Nc6 3. Nc3 Nf6 4. d3 Bb4 5. Be2 d6 6. O-O O-O 7. Bd2 d5 8.
Bg5 Qd6 9. Bxf6 dxe4 10. Nxe4 Qe6 11. Bh4 Qg6 12. Bg3 f5 13. Nc3 f4 14. Bh4
Bh3 15. Ne1 Nd4 16. Bf3 Nf5 17. Bg3 fxg3 18. fxg3 Qb6+ 19. Kh1 Ne3 20. Bd5+
Nxd5 21. Rxf8+ Rxf8 22. gxh3 Nxc3 23. bxc3 Bxc3 24. Rb1 Qf2 25. Ng2 Qc5 26.
Rb3 Qc6 27. a3 Rf2 28. Qg1 Rxc2 29. h4 Bd4 30. Qf1 Rc1 31. Qxc1 Qxc1+ 32.
Ne1 Qxe1+ 33. Kg2 Qf2+ 34. Kh3 h5 35. Rxb7 Qf1# { White checkmated } 0-1

[Event "ICC tourney 2556 (25 5)"]
[Site "Internet Chess Club"]
[Date "2021.05.08"]
[Round "1"]
[White "CHIRAG SHETTY, TANISH:K05-15984457"]
[Black "BLANCO, JEREMY:K05-16493206"]
[Result "1-0"]
[ICCResult "Black checkmated"]
[WhiteElo "1355"]
[BlackElo "605"]
[Opening "Ruy Lopez: Berlin defense, Beverwijk variation"]
[ECO "C64"]
[NIC "RL.01"]
[Time "11:41:01"]
[PlyCount "43"]
[TimeControl "1500+5"]

1. e4 e5 2. Nf3 Nc6 3. Bb5 Bc5 4. O-O Nf6 5. d3 O-O 6. c3 d6 7. h3 Be6 8.
d4 exd4 9. cxd4 Bb6 10. d5 Bxd5 11. exd5 Ne7 12. Nc3 c6 13. Bc4 c5 14. Bg5
Nf5 15. Bd3 Nd4 16. Nxd4 cxd4 17. Ne4 Qb8 18. Nxf6+ gxf6 19. Bxf6 Qc8 20.
Bxh7+ Kxh7 21. Qh5+ Kg8 22. Qh8# { Black checkmated } 1-0

[Event "ICC tourney 2556 (25 5)"]
[Site "Internet Chess Club"]
[Date "2021.05.08"]
[Round "1"]
[White "WANG, ETHAN:K05-15914623"]
[Black "KAGGUNDI RAVISHA, MANASWINI:K05-30132763"]
[Result "1-0"]
[ICCResult "Black checkmated"]
[WhiteElo "1409"]
[BlackElo "643"]
[Opening "Ruy Lopez: classical defense, 4.c3"]
[ECO "C64"]
[NIC "RL.01"]
[Time "11:30:44"]
[PlyCount "73"]
[TimeControl "1500+5"]

1. e4 e5 2. Nf3 Nc6 3. Bb5 Bc5 4. c3 Nf6 5. d4 exd4 6. e5 Ng4 7. cxd4 Bb4+
8. Bd2 Bxd2+ 9. Nbxd2 O-O 10. O-O Nb4 11. a3 Nd3 12. Bxd3 d6 13. h3 Nh6 14.
Ne4 Re8 15. Neg5 dxe5 16. dxe5 Kh8 17. Nxh7 Be6 18. Nfg5 g6 19. Nf6 Rf8 20.
Qc2 Bf5 21. Rad1 Qe7 22. Rfe1 Rfd8 23. Bxf5 gxf5 24. Qe2 Rxd1 25. Qxd1 Rd8
26. Qh5 Kg7 27. Re3 Rd1+ 28. Qxd1 f4 29. Re4 c6 30. Qh5 b5 31. Rxf4 Qxe5
32. Rf3 Qe1+ 33. Kh2 Qe5+ 34. Rg3 Qxb2 35. Ngh7+ Kh8 36. Qxh6 Qe5 37. Qf8#
{ Black checkmated } 1-0

[Event "ICC tourney 2556 (25 5)"]
[Site "Internet Chess Club"]
[Date "2021.05.08"]
[Round "1"]
[White "WESTOVER, CHARLOTTE:K05-16380250"]
[Black "ARISTA, DANYA:K05-16268653"]
[Result "1-0"]
[ICCResult "Black checkmated"]
[WhiteElo "1143"]
[BlackElo "421"]
[Opening "Scotch opening"]
[ECO "C44"]
[NIC "KP.10"]
[Time "11:31:49"]
[PlyCount "99"]
[TimeControl "1500+5"]

1. e4 e5 2. Nf3 Nc6 3. d4 d5 4. exd5 Bb4+ 5. c3 Bd6 6. dxc6 bxc6 7. dxe5
Qe7 8. Qe2 Bxe5 9. Qxe5 Be6 10. Ng5 f6 11. Qxe6 Qxe6+ 12. Nxe6 Ne7 13.
Nxc7+ Kd8 14. Nxa8 Re8 15. Bc4 Nf5+ 16. Kd2 c5 17. Kc2 Nd6 18. Bd3 c4 19.
Bxh7 Re2+ 20. Kd1 Rxf2 21. g3 Rg2 22. Bf4 Nf7 23. Bg8 Ke8 24. Bxf7+ Kxf7
25. b3 Rb2 26. Bc1 Rf2 27. Nc7 cxb3 28. axb3 Rf3 29. Ke2 Rf5 30. Rxa7 Kg6
31. Ne6 Re5+ 32. Kf3 Rxe6 33. c4 f5 34. c5 Rc6 35. Be3 Kf6 36. b4 g6 37. b5
Rc8 38. b6 g5 39. b7 g4+ 40. Kf4 Rb8 41. c6 Ke6 42. c7 Rd8 43. c8=Q+ Rxc8
44. bxc8=Q+ Kd5 45. Ra4 Kd6 46. Qxf5 Kc6 47. Ra6+ Kc7 48. Qf7+ Kb8 49. Ra7
Kc8 50. Qc7# { Black checkmated } 1-0

[Event "ICC tourney 2556 (25 5)"]
[Site "Internet Chess Club"]
[Date "2021.05.08"]
[Round "1"]
[White "JAIN, RAYAN:K05-17009798"]
[Black "YANG, ALEXANDER:K05-16917728"]
[Result "0-1"]
[ICCResult "White resigns"]
[WhiteElo "829"]
[BlackElo "1834"]
[Opening "Sicilian"]
[ECO "B50"]
[NIC "SI.01"]
[Time "11:30:39"]
[PlyCount "92"]
[TimeControl "1500+5"]

1. e4 c5 2. Nf3 d6 3. Nc3 Nf6 4. e5 dxe5 5. Nxe5 e6 6. Bb5+ Nbd7 7. Nxd7
Bxd7 8. Qf3 Bxb5 9. Nxb5 Qb6 10. Nc3 Be7 11. Na4 Qa6 12. Qc3 Qxa4 13. b3
Qc6 14. O-O O-O 15. Bb2 Rfd8 16. Rad1 Rac8 17. Rfe1 Qd6 18. Re3 Qd4 19. Rd3
Qxc3 20. Rxd8+ Rxd8 21. Bxc3 Bd6 22. d4 cxd4 23. Rxd4 Be7 24. Rxd8+ Bxd8
25. h3 Bb6 26. Bb4 h6 27. c4 Kh7 28. Kf1 Kg6 29. Ke2 Kf5 30. Kd3 Ke5 31. c5
Bc7 32. Kc4 a6 33. g3 Nd5 34. f4+ Ke4 35. Bd2 Kf3 36. g4 Kg3 37. b4 Kxh3
38. b5 axb5+ 39. Kxb5 Kxg4 40. c6 bxc6+ 41. Kxc6 h5 42. a4 h4 43. a5 Bxa5
44. Bxa5 h3 45. Be1 h2 46. Bg3 h1=Q { White resigns } 0-1

[Event "ICC tourney 2556 (25 5)"]
[Site "Internet Chess Club"]
[Date "2021.05.08"]
[Round "1"]
[White "PARHAR, VIVAAN:K05-16000954"]
[Black "LIU, KAYLAH:K05-17154374"]
[Result "1-0"]
[ICCResult "Black checkmated"]
[WhiteElo "1148"]
[BlackElo "431"]
[Opening "Giuoco Pianissimo"]
[ECO "C50"]
[NIC "IG.02"]
[Time "11:30:59"]
[PlyCount "97"]
[TimeControl "1500+5"]

1. e4 e5 2. Nf3 Nc6 3. Bc4 Bc5 4. d3 d6 5. c3 Nf6 6. a4 O-O 7. b4 Nxb4 8.
cxb4 Bxb4+ 9. Nbd2 d5 10. exd5 Nxd5 11. O-O Nc3 12. Qb3 Ne2+ 13. Kh1 Nxc1
14. Raxc1 Bd6 15. Ne4 Be7 16. Nxe5 Bf5 17. Nxf7 Rxf7 18. Bxf7+ Kf8 19. Ng3
Bxd3 20. Rcd1 Bxf1 21. Rxd8+ Rxd8 22. Nxf1 Rd6 23. h3 Rf6 24. Bc4 Rxf2 25.
Kg1 Bc5 26. Kh1 h6 27. Qxb7 Bd6 28. Qc8+ Ke7 29. Qe6+ Kd8 30. Bb5 c6 31.
Qxd6+ Ke8 32. Bxc6+ Kf7 33. Bd5+ Ke8 34. Qe6+ Kd8 35. Ng3 Kc7 36. Qc6+ Kd8
37. Qd6+ Ke8 38. Bc6+ Kf7 39. Bd5+ Ke8 40. Qb8+ Ke7 41. Qxa7+ Kd6 42. Qxf2
Kxd5 43. a5 Kc6 44. a6 Kc7 45. a7 Kb7 46. Ne4 g6 47. Nd6+ Ka8 48. Qb6 g5
49. Qb7# { Black checkmated } 1-0